Workbook
Name _1Excel_BuiltIn_Print_Area_1_1_1: 'Прил 1'!$A$1:$C$31
Name _2Excel_BuiltIn_Print_Area_7_1_1: #REF!
Name _2Excel_BuiltIn_Print_Area_7_1_1: #REF!
Name _Toc105952698: 'Прил 2 '!$A$3
Name _Toc105952698: #REF!
Name Excel_BuiltIn_Print_Area_1: 'Прил 1'!$A$1:$C$31
Name Excel_BuiltIn_Print_Area_1_1: 'Прил 1'!$A$1:$C$31
Name Excel_BuiltIn_Print_Area_2: #REF!
Name Excel_BuiltIn_Print_Area_2: #REF!
Name Excel_BuiltIn_Print_Area_3: #REF!
Name Excel_BuiltIn_Print_Area_3_1: #REF!
Name Excel_BuiltIn_Print_Area_3_1: #REF!
Name Excel_BuiltIn_Print_Area_4: #REF!
Name Excel_BuiltIn_Print_Area_4: #REF!
Name Excel_BuiltIn_Print_Area_5: 'Прил 2 '!$A$1:$I$54
Name Excel_BuiltIn_Print_Area_5: #REF!
Name Excel_BuiltIn_Print_Area_5_1: 'Прил 2 '!$A$1:$I$54
Name Excel_BuiltIn_Print_Area_5_1: #REF!
Name Excel_BuiltIn_Print_Area_6: 'Прил 3'!$A$1:$G$49
Name Excel_BuiltIn_Print_Area_6_1: 'Прил 3'!$A$1:$G$49
Name Excel_BuiltIn_Print_Area_7: #REF!
Name Excel_BuiltIn_Print_Area_7: #REF!
Name Excel_BuiltIn_Print_Area_7_1: #REF!
Name Excel_BuiltIn_Print_Area_7_1: #REF!

Sheet Прил 1
D1: Приложение 1
C2: к решению сессии Совета депутатов Паевского сельского поселения "Об исполнении бюджета Паевского сельского поселения Кадошкинского муниципального района Республики Мордовия за 2021 год"
A3: ДОХОДЫ БЮДЖЕТА ПАЕВСКОГО СЕЛЬСКОГО ПОСЕЛЕНИЯ КАДОШКИНСКОГО МУНИЦИПАЛЬНОГО РАЙОНА РЕСПУБЛИКИ МОРДОВИЯ
C4: (тыс.рублей)
A5: Код бюджетной классификации доходов бюджета | B5: Наименование доходов | C5: Сумма
C6: План 2021 год | D6: Исполнение 2021 год | E6: % исполнения
A7: 1 | B7: 2 | C7: 3 | D7: 4 | E7: 5
B8: ВСЕГО ДОХОДОВ | C8: =SUM(C9+C22+C32) -> 1889.11 | D8: =SUM(D9+D22+D32) -> 1867.4 | E8: =D8/C8*100 -> 98.850782
A9: 00010000000000000000 | B9: НАЛОГОВЫЕ И НЕНАЛОГОВЫЕ ДОХОДЫ | C9: =SUM(C10+C13+C15+C17+C20) -> 556.7 | D9: =SUM(D10+D13+D15+D17+D20) -> 535 | E9: =D9/C9*100 -> 96.10203
A10: 00010100000000000000 | B10: НАЛОГИ НА ПРИБЫЛЬ, ДОХОДЫ | C10: =SUM(C11) -> 36.5 | D10: =SUM(D11) -> 48 | E10: =D10/C10*100 -> 131.50685
A11: 00010102000010000110 | B11: Налог на доходы физических лиц | C11: =SUM(C12) -> 36.5 | D11: =SUM(D12) -> 48 | E11: =D11/C11*100 -> 131.50685
A12: 18210102010010000110 | B12: Налог на доходы физических лиц с доходов, источником которых является налоговый агент, за исключением доходов, в отношении которых исчисление и уплата налога осуществляются в соответствии со статьями 227, 2271 и 228 Налогового кодекса Российской Федерации | C12: 36.5 | D12: 48 | E12: =D12/C12*100 -> 131.50685
A13: 00010500000000000000 | B13: НАЛОГИ НА СОВОКУПНЫЙ ДОХОД | C13: =SUM(C14) -> 9.3 | D13: =SUM(D14) -> 6.5 | E13: =D13/C13*100 -> 69.892473
A14: 18210503010010000110 | B14: Единый сельскохозяйственный налог | C14: 9.3 | D14: 6.5 | E14: =D14/C14*100 -> 69.892473
A15: 00010600000000000000 | B15: НАЛОГИ НА ИМУЩЕСТВО | C15: =SUM(C16) -> 76 | D15: =SUM(D16) -> 58.7 | E15: =D15/C15*100 -> 77.236842
A16: 18210601030100000110 | B16: Налог на имущество физических лиц, взимаемый по ставкам, применяемым к объектам налогообложения, расположенным в границах сельских поселений | C16: 76 | D16: 58.7 | E16: =D16/C16*100 -> 77.236842
A17: 00010606000000000110 | B17: Земельный налог | C17: =SUM(C18+C19) -> 390 | D17: =SUM(D18+D19) -> 376.2 | E17: =D17/C17*100 -> 96.461538
A18: 18210606033100000110 | B18: Земельный налог с организаций, обладающих земельным участком, расположенным в границах сельских поселений | C18: 110 | D18: 108.7 | E18: =D18/C18*100 -> 98.818182
A19: 18210606043100000110 | B19: Земельный налог с физических лиц, обладающих земельным участком, расположенным в границах сельских поселений | C19: 280 | D19: 267.5 | E19: =D19/C19*100 -> 95.535714
A20: 00011100000000000000 | B20: ДОХОДЫ ОТ ИСПОЛЬЗОВАНИЯ ИМУЩЕСТВА, НАХОДЯЩЕГОСЯ В ГОСУДАРСТВЕННОЙ И МУНИЦИПАЛЬНОЙ СОБСТВЕННОСТИ | C20: =SUM(C21) -> 44.9 | D20: =SUM(D21) -> 45.6 | E20: =D20/C20*100 -> 101.55902
A21: 91811105035100000120 | B21: Доходы от сдачи в аренду имущества, находящегося в оперативном управлении органов управления поселений и созданных ими учреждений (за исключением имущества муниципальных бюджетных и автономных учреждений) | C21: 44.9 | D21: 45.6 | E21: =D21/C21*100 -> 101.55902
A22: 00020200000000000000 | B22: БЕЗВОЗМЕЗДНЫЕ ПОСТУПЛЕНИЯ ОТ ДРУГИХ БЮДЖЕТОВ БЮДЖЕТНОЙ СИСТЕМЫ РОССИЙСКОЙ ФЕДЕРАЦИИ | C22: =SUM(C27+C30+C25+C23) -> 1287.41 | D22: =SUM(D27+D30+D25+D23) -> 1287.4 | E22: =D22/C22*100 -> 99.999223
A23: 00020210000000000150 | B23: Дотации бюджетам бюджетной системы Российской Федерации | C23: =C24 -> 306.7 | D23: =D24 -> 306.7 | E23: =D23/C23*100 -> 100
A24: 91820215002100000150 | B24: Дотации бюджетам сельских поселений на поддержку мер по обеспечению сбалансированности бюджетов | C24: 306.7 | D24: 306.7 | E24: =D24/C24*100 -> 100
A25: 00020220000000000150 | B25: Субсидии бюджетам бюджетной системы Российской Федерации (межбюджетные субсидии) | C25: =C26 -> 490 | D25: =D26 -> 490 | E25: =D25/C25*100 -> 100
A26: 91820229999100000150 | B26: Прочие субсидии бюджетам сельских поселений | C26: =230+260 -> 490 | D26: 490 | E26: =D26/C26*100 -> 100
A27: 00020230000000000150 | B27: Субвенции бюджетам бюджетной системы Российской Федерации | C27: =SUM(C28+C29) -> 86.9 | D27: =SUM(D28+D29) -> 86.9 | E27: =D27/C27*100 -> 100
A28: 91820230024100000150 | B28: Субвенции на осуществление государственных полномочий Республики Мордовия по определению перечня должностных лиц, уполномоченных составлять протоколы об административных правонарушениях, предусмотренных Законом Республики Мордовия от 15 июня 2015 года № 38-З "Об административной ответственности на территории Республики Мордовия" | C28: 0.1 | D28: 0.1 | E28: =D28/C28*100 -> 100
A29: 91820235118100000150 | B29: Субвенции бюджетам сельских поселений на осуществление первичного воинского учета на территориях, где отсутствуют военные комиссариаты | C29: 86.8 | D29: 86.8 | E29: =D29/C29*100 -> 100
A30: 00020240000000000150 | B30: Иные межбюджетные трансферты | C30: =SUM(C31) -> 403.81 | D30: =SUM(D31) -> 403.8 | E30: =D30/C30*100 -> 99.997524
A31: 91820240014100000150 | B31: Межбюджетные трансферты, передаваемые бюджетам сельских поселений из бюджетов муниципальных районов на осуществление части полномочий по решению вопросов местного значения в соответствии с заключенными соглашениями | C31: =371.1+0.4+25+7.31 -> 403.81 | D31: 403.8 | E31: =D31/C31*100 -> 99.997524
A32: 00020700000000000000 | B32: ПРОЧИЕ БЕЗВОЗМЕЗДНЫЕ ПОСТУПЛЕНИЯ | C32: =C33 -> 45 | D32: =D33 -> 45 | E32: =D32/C32*100 -> 100
A33: 91820705030100000150 | B33: Прочие безвозмездные поступления в бюджеты сельских поселений | C33: =30+15 -> 45 | D33: 45 | E33: =D33/C33*100 -> 100

Sheet Прил 2 
I1: Приложение 2
G2: к решению сессии Совета депутатов Паевского сельского поселения "Об исполнении бюджета Паевского сельского поселения Кадошкинского муниципального района Республики Мордовия за 2021 год"
A3: Распределение бюджетных ассигнований бюджета Паевского сельского поселения Кадошкинского муниципального района Республики Мордовия по разделам, подразделам, целевым статьям, группам (группам и подгруппам) видов расходов классификации расходов бюджетов на 2021 год
A4: Наименование | B4: Рз | C4: ПР | D4: ЦСР | H4: ВР | I4: Сумма (тыс. рублей)
I5: План 2021 год | J5: Исполнение 2021 год | K5: % исполнения
A6: 1 | B6: 2 | C6: 3 | D6: 4 | E6: 5 | F6: 6 | G6: 7 | H6: 8 | I6: 9 | J6: 10 | K6: 11
A7: ВСЕГО | I7: =I8+I61+I70+I77+I93+I100 -> 1944.71 | J7: =J8+J61+J70+J77+J93+J100 -> 1868.2 | K7: =J7/I7*100 -> 96.065737
A8: Общегосударственные вопросы | B8: 01 | I8: =I9+I18+I42 -> 1306.2 | J8: =J9+J18+J42 -> 1377 | K8: =J8/I8*100 -> 105.4203
A9: Функционирование высшего должностного лица субъекта Российской Федерации и муниципального образования | B9: 01 | C9: 02 | I9: =I10 -> 367.6 | J9: =J10 -> 367.6 | K9: =J9/I9*100 -> 100
A10: Обеспечение деятельности администрации | B10: 01 | C10: 02 | D10: 65 | I10: =I11 -> 367.6 | J10: =J11 -> 367.6 | K10: =J10/I10*100 -> 100
A11: Высшее должностное лицо | B11: 01 | C11: 02 | D11: 65 | E11: 1 | I11: =I12+I15 -> 367.6 | J11: =J12+J15 -> 367.6 | K11: =J11/I11*100 -> 100
A12: Расходы на выплаты по оплате труда высшего должностного лица | B12: 01 | C12: 02 | D12: 65 | E12: 1 | F12: 00 | G12: 41150 | I12: =I13 -> 214.2 | J12: =J13 -> 214.2 | K12: =J12/I12*100 -> 100
A13: Расходы на выплаты персоналу в целях обеспечения выполнения функций государственными (муниципальными) органами, казенными учреждениями, органами управления государственными внебюджетными фондами | B13: 01 | C13: 02 | D13: 65 | E13: 1 | F13: 00 | G13: 41150 | H13: 100 | I13: =I14 -> 214.2 | J13: =J14 -> 214.2 | K13: =J13/I13*100 -> 100
A14: Расходы на выплаты персоналу государственных (муниципальных) органов | B14: 01 | C14: 02 | D14: 65 | E14: 1 | F14: 00 | G14: 41150 | H14: 120 | I14: ='Прил 3'!J16 -> 214.2 | J14: ='Прил 3'!K16 -> 214.2 | K14: =J14/I14*100 -> 100
A15: Субсидии на софинансирование расходных обязательств по финансовому обеспечению деятельности органов местного самоуправления и муниципальных учреждений | B15: 01 | C15: 02 | D15: 65 | E15: 1 | F15: 00 | G15: 44205 | I15: =I16 -> 153.4 | J15: =J16 -> 153.4 | K15: =J15/I15*100 -> 100
A16: Расходы на выплаты персоналу в целях обеспечения выполнения функций государственными (муниципальными) органами, казенными учреждениями, органами управления государственными внебюджетными фондами | B16: 01 | C16: 02 | D16: 65 | E16: 1 | F16: 00 | G16: 44205 | H16: 100 | I16: =I17 -> 153.4 | J16: =J17 -> 153.4 | K16: =J16/I16*100 -> 100
A17: Расходы на выплаты персоналу государственных (муниципальных) органов | B17: 01 | C17: 02 | D17: 65 | E17: 1 | F17: 00 | G17: 44205 | H17: 120 | I17: ='Прил 3'!J19 -> 153.4 | J17: ='Прил 3'!K19 -> 153.4 | K17: =J17/I17*100 -> 100
A18: Функционирование Правительства Российской Федерации, высших органов исполнительной власти субъектов Российской Федерации, местных администраций | B18: 01 | C18: 04 | I18: =I19+I37 -> 937.6 | J18: =J19+J37 -> 1009.4 | K18: =J18/I18*100 -> 107.65785
A19: Обеспечение деятельности администрации | B19: 01 | C19: 04 | D19: 65 | I19: =I20 -> 937.5 | J19: =J20 -> 1009.3 | K19: =J19/I19*100 -> 107.65867
A20: Непрограммные расходы в рамках обеспечения деятельности администрации | B20: 01 | C20: 04 | D20: 65 | E20: 2 | I20: =I21+I24+I30 -> 937.5 | J20: =J21+J24+J30 -> 1009.3 | K20: =J20/I20*100 -> 107.65867
A21: Расходы на выплаты по оплате труда работников органов местного самоуправления | B21: 01 | C21: 04 | D21: 65 | E21: 2 | F21: 00 | G21: 41110 | I21: =I22 -> 434.6 | J21: =J22 -> 434.6 | K21: =J21/I21*100 -> 100
A22: Расходы на выплаты персоналу в целях обеспечения выполнения функций государственными (муниципальными) органами, казенными учреждениями, органами управления государственными внебюджетными фондами | B22: 01 | C22: 04 | D22: 65 | E22: 2 | F22: 00 | G22: 41110 | H22: 100 | I22: =I23 -> 434.6 | J22: =J23 -> 434.6 | K22: =J22/I22*100 -> 100
A23: Расходы на выплаты персоналу государственных (муниципальных) органов | B23: 01 | C23: 04 | D23: 65 | E23: 2 | F23: 00 | G23: 41110 | H23: 120 | I23: ='Прил 3'!J25 -> 434.6 | J23: ='Прил 3'!K25 -> 434.6 | K23: =J23/I23*100 -> 100
A24: Расходы на обеспечение функций органов местного самоуправления | B24: 01 | C24: 04 | D24: 65 | E24: 2 | F24: 00 | G24: 41120 | I24: =I25+I27 -> 166.3 | J24: =J25+J27 -> 238.1 | K24: =J24/I24*100 -> 143.17498
A25: Закупка товаров, работ и услуг для обеспечения государственных (муниципальных) нужд | B25: 01 | C25: 04 | D25: 65 | E25: 2 | F25: 00 | G25: 41120 | H25: 200 | I25: =I26 -> 125 | J25: =J26 -> 182.9 | K25: =J25/I25*100 -> 146.32
A26: Иные закупки товаров, работ и услуг для обеспечения государственных (муниципальных) нужд | B26: 01 | C26: 04 | D26: 65 | E26: 2 | F26: 00 | G26: 41120 | H26: 240 | I26: ='Прил 3'!J28 -> 125 | J26: ='Прил 3'!K28 -> 182.9 | K26: =J26/I26*100 -> 146.32
A27: Иные бюджетные ассигнования | B27: 01 | C27: 04 | D27: 65 | E27: 2 | F27: 00 | G27: 41120 | H27: 800 | I27: =I29+I28 -> 41.3 | J27: =J29+J28 -> 55.2 | K27: =J27/I27*100 -> 133.65617
A28: Исполнение судебных актов | B28: 01 | C28: 04 | D28: 65 | E28: 2 | F28: 00 | G28: 41120 | H28: 830 | I28: ='Прил 3'!J30 -> 0 | J28: ='Прил 3'!K30 -> 13.9 | K28: =J28/I28*100 -> #DIV/0!
A29: Уплата налогов, сборов и иных платежей | B29: 01 | C29: 04 | D29: 65 | E29: 2 | F29: 00 | G29: 41120 | H29: 850 | I29: ='Прил 3'!J31 -> 41.3 | J29: ='Прил 3'!K31 -> 41.3 | K29: =J29/I29*100 -> 100
A30: Субсидии на софинансирование расходных обязательств по финансовому обеспечению деятельности органов местного самоуправления и муниципальных учреждений | B30: 01 | C30: 04 | D30: 65 | E30: 2 | F30: 00 | G30: 44205 | I30: =I31+I33+I35 -> 336.6 | J30: =J31+J33+J35 -> 336.6 | K30: =J30/I30*100 -> 100
A31: Расходы на выплаты персоналу в целях обеспечения выполнения функций государственными (муниципальными) органами, казенными учреждениями, органами управления государственными внебюджетными фондами | B31: 01 | C31: 04 | D31: 65 | E31: 2 | F31: 00 | G31: 44205 | H31: 100 | I31: =I32 -> 275.4 | J31: =J32 -> 275.4 | K31: =J31/I31*100 -> 100
A32: Расходы на выплаты персоналу государственных (муниципальных) органов | B32: 01 | C32: 04 | D32: 65 | E32: 2 | F32: 00 | G32: 44205 | H32: 120 | I32: ='Прил 3'!J34 -> 275.4 | J32: ='Прил 3'!K34 -> 275.4 | K32: =J32/I32*100 -> 100
A33: Закупка товаров, работ и услуг для обеспечения государственных (муниципальных) нужд | B33: 01 | C33: 04 | D33: 65 | E33: 2 | F33: 00 | G33: 44205 | H33: 200 | I33: =I34 -> 47.6 | J33: =J34 -> 47.6 | K33: =J33/I33*100 -> 100
A34: Иные закупки товаров, работ и услуг для обеспечения государственных (муниципальных) нужд | B34: 01 | C34: 04 | D34: 65 | E34: 2 | F34: 00 | G34: 44205 | H34: 240 | I34: ='Прил 3'!J36 -> 47.6 | J34: ='Прил 3'!K36 -> 47.6 | K34: =J34/I34*100 -> 100
A35: Иные бюджетные ассигнования | B35: 01 | C35: 04 | D35: 65 | E35: 2 | F35: 00 | G35: 44205 | H35: 800 | I35: =I36 -> 13.6 | J35: =J36 -> 13.6 | K35: =J35/I35*100 -> 100
A36: Уплата налогов, сборов и иных платежей | B36: 01 | C36: 04 | D36: 65 | E36: 2 | F36: 00 | G36: 44205 | H36: 850 | I36: ='Прил 3'!J38 -> 13.6 | J36: ='Прил 3'!K38 -> 13.6 | K36: =J36/I36*100 -> 100
A37: Непрограммные расходы главных распорядителей средств бюджета Паевского сельского поселения Кадошкинского муниципального района Республики Мордовия | B37: 01 | C37: 04 | D37: 89 | I37: =I38 -> 0.1 | J37: =J38 -> 0.1 | K37: =J37/I37*100 -> 100
A38: Непрограммные расходы в рамках обеспечения деятельности главных распорядителей средств бюджета Паевского сельского поселения Кадошкинского муниципального района Республики Мордовия | B38: 01 | C38: 04 | D38: 89 | E38: 1 | I38: =I39 -> 0.1 | J38: =J39 -> 0.1 | K38: =J38/I38*100 -> 100
A39: Осуществление государственных полномочий Республики Мордовия по определению перечня должностных лиц, уполномоченных составлять протоколы об административных правонарушениях, предусмотренных Законом Республики Мордовия от 15 июня 2015 года № 38-З "Об административной ответственности на территории Республики Мордовия" | B39: 01 | C39: 04 | D39: 89 | E39: 1 | F39: 00 | G39: 77150 | I39: =I40 -> 0.1 | J39: =J40 -> 0.1 | K39: =J39/I39*100 -> 100
A40: Закупка товаров, работ и услуг для обеспечения государственных (муниципальных) нужд | B40: 01 | C40: 04 | D40: 89 | E40: 1 | F40: 00 | G40: 77150 | H40: 200 | I40: =I41 -> 0.1 | J40: =J41 -> 0.1 | K40: =J40/I40*100 -> 100
A41: Иные закупки товаров, работ и услуг для обеспечения государственных (муниципальных) нужд | B41: 01 | C41: 04 | D41: 89 | E41: 1 | F41: 00 | G41: 77150 | H41: 240 | I41: ='Прил 3'!J43 -> 0.1 | J41: ='Прил 3'!K43 -> 0.1 | K41: =J41/I41*100 -> 100
A42: Резервные фонды | B42: 01 | C42: 11 | I42: =I43 -> 1 | J42: =J43 -> 0 | K42: =J42/I42*100 -> 0
A43: Непрограммные расходы главных распорядителей средств бюджета Паевского сельского поселения Кадошкинского муниципального района Республики Мордовия | B43: 01 | C43: 11 | D43: 89 | I43: =I44 -> 1 | J43: =J44 -> 0 | K43: =J43/I43*100 -> 0
A44: Непрограммные расходы в рамках обеспечения деятельности главных распорядителей средств бюджета Паевского сельского поселения Кадошкинского муниципального района Республики Мордовия | B44: 01 | C44: 11 | D44: 89 | E44: 1 | I44: =I45 -> 1 | J44: =J45 -> 0 | K44: =J44/I44*100 -> 0
A45: Резервный фонд администрации Паевского сельского поселения Кадошкинского муниципального района Республики Мордовия | B45: 01 | C45: 11 | D45: 89 | E45: 1 | F45: 00 | G45: 41180 | I45: =I46 -> 1 | J45: =J46 -> 0 | K45: =J45/I45*100 -> 0
A46: Иные бюджетные ассигнования | B46: 01 | C46: 11 | D46: 89 | E46: 1 | F46: 00 | G46: 41180 | H46: 800 | I46: =I47 -> 1 | J46: =J47 -> 0 | K46: =J46/I46*100 -> 0
A47: Резервные средства | B47: 01 | C47: 11 | D47: 89 | E47: 1 | F47: 00 | G47: 41180 | H47: 870 | I47: ='Прил 3'!J49 -> 1 | J47: ='Прил 3'!K49 -> 0 | K47: =J47/I47*100 -> 0
A48: Другие общегосударственные вопросы | B48: 01 | C48: 13 | K48: =J48/I48*100 -> #DIV/0!
A49: Программа "Развитие муниципальной службы в Паевском сельском поселении на 2019-2022г.г." | B49: 01 | C49: 13 | D49: 01 | K49: =J49/I49*100 -> #DIV/0!
A50: Подготовка, переподготовка и повышение квалификации кадров | B50: 01 | C50: 13 | D50: 01 | E50: 0 | F50: 00 | G50: 41250 | K50: =J50/I50*100 -> #DIV/0!
A51: Прочая закупка товаров, работ и услуг | B51: 01 | C51: 13 | D51: 01 | E51: 0 | F51: 00 | G51: 41250 | H51: 244 | K51: =J51/I51*100 -> #DIV/0!
A52: Противопожарная безопасность на территории Паевского сельского поселения на 2019-2020г.г. | B52: 01 | C52: 13 | D52: 08 | K52: =J52/I52*100 -> #DIV/0!
A53: Мероприятия по обеспечению пожарной безопасности | B53: 01 | C53: 13 | D53: 08 | E53: 0 | F53: 00 | G53: 42120 | K53: =J53/I53*100 -> #DIV/0!
A54: Прочая закупка товаров, работ и услуг | B54: 01 | C54: 13 | D54: 08 | E54: 0 | F54: 00 | G54: 42120 | H54: 244 | K54: =J54/I54*100 -> #DIV/0!
A55: Гармонизация межнациональных и межконфессиальных отношений в Паевском сельском поселении на 2016-2020г.г. | B55: 01 | C55: 13 | D55: 24 | K55: =J55/I55*100 -> #DIV/0!
A56: Мероприятия, направленные на развитие межнациональных отношений | B56: 01 | C56: 13 | D56: 24 | E56: 0 | F56: 00 | G56: 42310 | K56: =J56/I56*100 -> #DIV/0!
A57: Прочая закупка товаров, работ и услуг | B57: 01 | C57: 13 | D57: 24 | E57: 0 | F57: 00 | G57: 42310 | H57: 244 | K57: =J57/I57*100 -> #DIV/0!
A58: Программа по противодействию терроризму и экстремизму на территории Паевского сельского поселения на 2019-2020г.г. | B58: 01 | C58: 13 | D58: 31 | K58: =J58/I58*100 -> #DIV/0!
A59: Мероприятия по укреплению общественного порядка и обеспечению общественной безопасности | B59: 01 | C59: 13 | D59: 31 | E59: 0 | F59: 00 | G59: 42300 | K59: =J59/I59*100 -> #DIV/0!
A60: Прочая закупка товаров, работ и услуг | B60: 01 | C60: 13 | D60: 31 | E60: 0 | F60: 00 | G60: 42300 | H60: 244 | K60: =J60/I60*100 -> #DIV/0!
A61: Национальная оборона | B61: 02 | I61: =I62 -> 86.8 | J61: =J62 -> 86.8 | K61: =J61/I61*100 -> 100
A62: Мобилизационная и вневойсковая подготовка | B62: 02 | C62: 03 | I62: =I63 -> 86.8 | J62: =J63 -> 86.8 | K62: =J62/I62*100 -> 100
A63: Непрограммные расходы главных распорядителей средств бюджета Паевского сельского поселения Кадошкинского муниципального района Республики Мордовия | B63: 02 | C63: 03 | D63: 89 | I63: =I64 -> 86.8 | J63: =J64 -> 86.8 | K63: =J63/I63*100 -> 100
A64: Непрограммные расходы в рамках обеспечения деятельности главных распорядителей средств бюджета Паевского сельского поселения Кадошкинского муниципального района Республики Мордовия | B64: 02 | C64: 03 | D64: 89 | E64: 1 | I64: =I65 -> 86.8 | J64: =J65 -> 86.8 | K64: =J64/I64*100 -> 100
A65: Осуществление государственных полномочий Российской Федерации о первичному воинскому учету на территориях, где отсутствуют военные комиссариаты | B65: 02 | C65: 03 | D65: 89 | E65: 1 | F65: 00 | G65: 51180 | I65: =I66+I68 -> 86.8 | J65: =J66+J68 -> 86.8 | K65: =J65/I65*100 -> 100
A66: Расходы на выплаты персоналу в целях обеспечения выполнения функций государственными (муниципальными) органами, казенными учреждениями, органами управления государственными внебюджетными фондами | B66: 02 | C66: 03 | D66: 89 | E66: 1 | F66: 00 | G66: 51180 | H66: 100 | I66: =I67 -> 85.4 | J66: =J67 -> 85.4 | K66: =J66/I66*100 -> 100
A67: Расходы на выплаты персоналу государственных (муниципальных) органов | B67: 02 | C67: 03 | D67: 89 | E67: 1 | F67: 00 | G67: 51180 | H67: 120 | I67: ='Прил 3'!J56 -> 85.4 | J67: ='Прил 3'!K56 -> 85.4 | K67: =J67/I67*100 -> 100
A68: Закупка товаров, работ и услуг для обеспечения государственных (муниципальных) нужд | B68: 02 | C68: 03 | D68: 89 | E68: 1 | F68: 00 | G68: 51180 | H68: 200 | I68: =I69 -> 1.4 | J68: =J69 -> 1.4 | K68: =J68/I68*100 -> 100
A69: Иные закупки товаров, работ и услуг для обеспечения государственных (муниципальных) нужд | B69: 02 | C69: 03 | D69: 89 | E69: 1 | F69: 00 | G69: 51180 | H69: 240 | I69: ='Прил 3'!J58 -> 1.4 | J69: ='Прил 3'!K58 -> 1.4 | K69: =J69/I69*100 -> 100
A70: Национальная экономика | B70: 04 | I70: =I71 -> 371.1 | J70: =J71 -> 236.9 | K70: =J70/I70*100 -> 63.837241
A71: Дорожное хозяйство (дорожные фонды) | B71: 04 | C71: 09 | I71: =I72 -> 371.1 | J71: =J72 -> 236.9 | K71: =J71/I71*100 -> 63.837241
A72: Непрограммные расходы главных распорядителей средств бюджета Паевского сельского поселения Кадошкинского муниципального района Республики Мордовия | B72: 04 | C72: 09 | D72: 89 | E72: 0 | I72: =I73 -> 371.1 | J72: =J74 -> 236.9 | K72: =J72/I72*100 -> 63.837241
A73: Непрограммные расходы в рамках обеспечения деятельности главных распорядителей средств бюджета Паевского сельского поселения Кадошкинского муниципального района Республики Мордовия | B73: 04 | C73: 09 | D73: 89 | E73: 1 | I73: =I74 -> 371.1 | J73: =J74 -> 236.9 | K73: =J73/I73*100 -> 63.837241
A74: Иные межбюджетные трансферты на осуществление полномочий по дорожной деятельности в отношении автомобильных дорог местного значения в границах населенных пунктов поселения и обеспечению безопасности дорожного движения на них, включая создание и обеспечение функционирования парковок (парковочных мест), осуществлению муниципального контроля за сохранностью автомобильных дорог местного значения в границах населенных пунктов поселения, организации дорожного движения, а также осуществлению иных полномочий в области использования автомобильных дорог и осуществления дорожной деятельности в соответствии с законодательством Российской Федерации | B74: 04 | C74: 09 | D74: 89 | E74: 1 | F74: 00 | G74: 44102 | I74: =I75 -> 371.1 | J74: =J75 -> 236.9 | K74: =J74/I74*100 -> 63.837241
A75: Закупка товаров, работ и услуг для обеспечения государственных (муниципальных) нужд | B75: 04 | C75: 09 | D75: 89 | E75: 1 | F75: 00 | G75: 44102 | H75: 200 | I75: =I76 -> 371.1 | J75: =J76 -> 236.9 | K75: =J75/I75*100 -> 63.837241
A76: Иные закупки товаров, работ и услуг для обеспечения государственных (муниципальных) нужд | B76: 04 | C76: 09 | D76: 89 | E76: 1 | F76: 00 | G76: 44102 | H76: 240 | I76: ='Прил 3'!J65 -> 371.1 | J76: ='Прил 3'!K65 -> 236.9 | K76: =J76/I76*100 -> 63.837241
A77: Жилищно-коммунальное хозяйство | B77: 05 | I77: =I78+I84 -> 109.91 | J77: =J78+J84 -> 98.5 | K77: =J77/I77*100 -> 89.618779
A78: Коммунальное хозяйство | B78: 05 | C78: 02 | I78: =I79 -> 32.71 | J78: =J79 -> 32.7 | K78: =J78/I78*100 -> 99.969428
A79: Непрограммные расходы главных распорядителей средств бюджета Паевского сельского поселения Кадошкинского муниципального района Республики Мордовия | B79: 918 | C79: 05 | D79: 02 | E79: 89 | F79: 0 | I79: =I80 -> 32.71 | J79: =J80 -> 32.7 | K79: =J79/I79*100 -> 99.969428
A80: Непрограммные расходы в рамках обеспечения деятельности главных распорядителей средств бюджета Паевского сельского поселения Кадошкинского муниципального района Республики Мордовия | B80: 918 | C80: 05 | D80: 02 | E80: 89 | F80: 1 | I80: =I81 -> 32.71 | J80: =J81 -> 32.7 | K80: =J80/I80*100 -> 99.969428
A81: Иные межбюджетные трансферты на осуществление полномочий по организации в границах поселения электро-, тепло-, газо- и водоснабжения населения, водоотведения, снабжения населения топливом в пределах полномочий, установленных законодательством Российской Федерации | B81: 05 | C81: 02 | D81: 89 | E81: 1 | F81: 00 | G81: 44101 | I81: =I82 -> 32.71 | J81: =J82 -> 32.7 | K81: =J81/I81*100 -> 99.969428
A82: Закупка товаров, работ и услуг для обеспечения государственных (муниципальных) нужд | B82: 05 | C82: 02 | D82: 89 | E82: 1 | F82: 00 | G82: 44101 | H82: 200 | I82: =I83 -> 32.71 | J82: =J83 -> 32.7 | K82: =J82/I82*100 -> 99.969428
A83: Иные закупки товаров, работ и услуг для обеспечения государственных (муниципальных) нужд | B83: 05 | C83: 02 | D83: 89 | E83: 1 | F83: 00 | G83: 44101 | H83: 240 | I83: ='Прил 3'!J72 -> 32.71 | J83: ='Прил 3'!K72 -> 32.7 | K83: =J83/I83*100 -> 99.969428
A84: Благоустройство | B84: 05 | C84: 03 | I84: =I85 -> 77.2 | J84: =J85 -> 65.8 | K84: =J84/I84*100 -> 85.233161
A85: Непрограммные расходы главных распорядителей средств бюджета Паевского сельского поселения Кадошкинского муниципального района Республики Мордовия | B85: 05 | C85: 03 | D85: 89 | E85: 0 | I85: =I86 -> 77.2 | J85: =J86 -> 65.8 | K85: =J85/I85*100 -> 85.233161
A86: Непрограммные расходы в рамках обеспечения деятельности главных распорядителей средств бюджета Паевского сельского поселения Кадошкинского муниципального района Республики Мордовия | B86: 05 | C86: 03 | D86: 89 | E86: 1 | I86: =I87+I90 -> 77.2 | J86: =J87+J90 -> 65.8 | K86: =J86/I86*100 -> 85.233161
A87: Уличное освещение | B87: 05 | C87: 03 | D87: 89 | E87: 1 | F87: 00 | G87: 43010 | I87: =I88 -> 77.2 | J87: =J88 -> 65.8 | K87: =J87/I87*100 -> 85.233161
A88: Закупка товаров, работ и услуг для обеспечения государственных (муниципальных) нужд | B88: 05 | C88: 03 | D88: 89 | E88: 1 | F88: 00 | G88: 43010 | H88: 200 | I88: =I89 -> 77.2 | J88: =J89 -> 65.8 | K88: =J88/I88*100 -> 85.233161
A89: Иные закупки товаров, работ и услуг для обеспечения государственных (муниципальных) нужд | B89: 05 | C89: 03 | D89: 89 | E89: 1 | F89: 00 | G89: 43010 | H89: 240 | I89: ='Прил 3'!J78 -> 77.2 | J89: ='Прил 3'!K78 -> 65.8 | K89: =J89/I89*100 -> 85.233161
A90: Прочие мероприятия по благоустройству | B90: 05 | C90: 03 | D90: 89 | E90: 1 | F90: 00 | G90: 43040 | I90: =I91 -> 0 | J90: =J91 -> 0
A91: Закупка товаров, работ и услуг для обеспечения государственных (муниципальных) нужд | B91: 05 | C91: 03 | D91: 89 | E91: 1 | F91: 00 | G91: 43040 | H91: 200 | I91: =I92 -> 0 | J91: =J92 -> 0
A92: Иные закупки товаров, работ и услуг для обеспечения государственных (муниципальных) нужд | B92: 05 | C92: 03 | D92: 89 | E92: 1 | F92: 00 | G92: 43040 | H92: 240 | I92: ='Прил 3'!J81 -> 0 | J92: ='Прил 3'!K81 -> 0
A93: Социальная политика | B93: 10 | I93: =I94 -> 69 | J93: =J94 -> 69 | K93: =J93/I93*100 -> 100
A94: Пенсионное обеспечение | B94: 10 | C94: 01 | I94: =I95 -> 69 | J94: =J95 -> 69 | K94: =J94/I94*100 -> 100
A95: Непрограммные расходы главных распорядителей средств бюджета Паевского сельского поселения Кадошкинского муниципального района Республики Мордовия | B95: 10 | C95: 01 | D95: 89 | E95: 0 | I95: =I96 -> 69 | J95: =J96 -> 69 | K95: =J95/I95*100 -> 100
A96: Непрограммные расходы в рамках обеспечения деятельности главных распорядителей средств бюджета Паевского сельского поселения Кадошкинского муниципального района Республики Мордовия | B96: 10 | C96: 01 | D96: 89 | E96: 1 | I96: =I97 -> 69 | J96: =J97 -> 69 | K96: =J96/I96*100 -> 100
A97: Доплаты к пенсиям муниципальных служащих Республики Мордовия | B97: 10 | C97: 01 | D97: 89 | E97: 1 | F97: 00 | G97: 03010 | I97: =I98 -> 69 | J97: =J98 -> 69 | K97: =J97/I97*100 -> 100
A98: Социальное обеспечение и иные выплаты населению | B98: 10 | C98: 01 | D98: 89 | E98: 1 | F98: 00 | G98: 03010 | H98: 300 | I98: =I99 -> 69 | J98: =J99 -> 69 | K98: =J98/I98*100 -> 100
A99: Публичные нормативные социальные выплаты гражданам | B99: 10 | C99: 01 | D99: 89 | E99: 1 | F99: 00 | G99: 03010 | H99: 310 | I99: ='Прил 3'!J88 -> 69 | J99: ='Прил 3'!K88 -> 69 | K99: =J99/I99*100 -> 100
A100: Обслуживание государственного и муниципального долга | B100: 13 | I100: =I101 -> 1.7 | J100: =J101 -> 0 | K100: =J100/I100*100 -> 0
...

Sheet Прил 3
H1: Приложение 3
G2: к решению сессии Совета депутатов Паевского сельского поселения "Об исполнении бюджета Паевского сельского поселения Кадошкинского муниципального района Республики Мордовия за 2021 год"
A4: ВЕДОМСТВЕННАЯ СТРУКТУРА РАСХОДОВ БЮДЖЕТА ПАЕВСКОГО СЕЛЬСКОГО ПОСЕЛЕНИЯ КАДОШКИНСКОГО МУНИЦИПАЛЬНОГО РАЙОНА РЕСПУБЛИКИ МОРДОВИЯ НА 2021 ГОД
A5: Наименование | B5: Адм | C5: Рз | D5: ПРз | E5: ЦСР | I5: ВР | J5: Сумма (тыс. рублей)
J6: План 2021 год | K6: Исполнение 2021 год | L6: % исполнения
A7: 1 | B7: 2 | C7: 3 | D7: 4 | E7: 5 | F7: 6 | G7: 7 | H7: 8 | I7: 9 | J7: 10 | K7: 11 | L7: 12
A8: ВСЕГО | J8: =J9 -> 1944.71 | K8: =K9 -> 1868.2 | L8: =K8/J8*100 -> 96.065737
A9: Администрация Паевского сельского поселения Кадошкинского муниципального района Республики Мордовия | B9: 918 | J9: =J10+J50+J59+J66+J82+J89 -> 1944.71 | K9: =K10+K50+K59+K66+K82+K89 -> 1868.2 | L9: =K9/J9*100 -> 96.065737
A10: Общегосударственные вопросы | B10: 918 | C10: 01 | J10: =J11+J20+J44 -> 1306.2 | K10: =K11+K20+K44 -> 1377 | L10: =K10/J10*100 -> 105.4203
A11: Функционирование высшего должностного лица субъекта Российской Федерации и муниципального образования | B11: 918 | C11: 01 | D11: 02 | J11: =J12 -> 367.6 | K11: =K12 -> 367.6 | L11: =K11/J11*100 -> 100
A12: Обеспечение деятельности администрации | B12: 918 | C12: 01 | D12: 02 | E12: 65 | J12: =J13 -> 367.6 | K12: =K13 -> 367.6 | L12: =K12/J12*100 -> 100
A13: Высшее должностное лицо | B13: 918 | C13: 01 | D13: 02 | E13: 65 | F13: 1 | J13: =J14+J17 -> 367.6 | K13: =K14+K17 -> 367.6 | L13: =K13/J13*100 -> 100
A14: Расходы на выплаты по оплате труда высшего должностного лица | B14: 918 | C14: 01 | D14: 02 | E14: 65 | F14: 1 | G14: 00 | H14: 41150 | J14: =J15 -> 214.2 | K14: =K15 -> 214.2 | L14: =K14/J14*100 -> 100
A15: Расходы на выплаты персоналу в целях обеспечения выполнения функций государственными (муниципальными) органами, казенными учреждениями, органами управления государственными внебюджетными фондами | B15: 918 | C15: 01 | D15: 02 | E15: 65 | F15: 1 | G15: 00 | H15: 41150 | I15: 100 | J15: =J16 -> 214.2 | K15: =K16 -> 214.2 | L15: =K15/J15*100 -> 100
A16: Расходы на выплаты персоналу государственных (муниципальных) органов | B16: 918 | C16: 01 | D16: 02 | E16: 65 | F16: 1 | G16: 00 | H16: 41150 | I16: 120 | J16: 214.2 | K16: 214.2 | L16: =K16/J16*100 -> 100
A17: Субсидии на софинансирование расходных обязательств по финансовому обеспечению деятельности органов местного самоуправления и муниципальных учреждений | B17: 918 | C17: 01 | D17: 02 | E17: 65 | F17: 1 | G17: 00 | H17: 44205 | J17: =J18 -> 153.4 | K17: =K18 -> 153.4 | L17: =K17/J17*100 -> 100
A18: Расходы на выплаты персоналу в целях обеспечения выполнения функций государственными (муниципальными) органами, казенными учреждениями, органами управления государственными внебюджетными фондами | B18: 918 | C18: 01 | D18: 02 | E18: 65 | F18: 1 | G18: 00 | H18: 44205 | I18: 100 | J18: =J19 -> 153.4 | K18: =K19 -> 153.4 | L18: =K18/J18*100 -> 100
A19: Расходы на выплаты персоналу государственных (муниципальных) органов | B19: 918 | C19: 01 | D19: 02 | E19: 65 | F19: 1 | G19: 00 | H19: 44205 | I19: 120 | J19: =76.2+60+17.2 -> 153.4 | K19: 153.4 | L19: =K19/J19*100 -> 100
A20: Функционирование Правительства Российской Федерации, высших органов исполнительной власти субъектов Российской Федерации, местных администраций | B20: 918 | C20: 01 | D20: 04 | J20: =J21+J39 -> 937.6 | K20: =K21+K39 -> 1009.4 | L20: =K20/J20*100 -> 107.65785
A21: Обеспечение деятельности администрации | B21: 918 | C21: 01 | D21: 04 | E21: 65 | J21: =J22 -> 937.5 | K21: =K22 -> 1009.3 | L21: =K21/J21*100 -> 107.65867
A22: Непрограммные расходы в рамках обеспечения деятельности администрации | B22: 918 | C22: 01 | D22: 04 | E22: 65 | F22: 2 | J22: =J24+J26+J32 -> 937.5 | K22: =K24+K26+K32 -> 1009.3 | L22: =K22/J22*100 -> 107.65867
A23: Расходы на выплаты по оплате труда работников органов местного самоуправления | B23: 918 | C23: 01 | D23: 04 | E23: 65 | F23: 2 | G23: 00 | H23: 41110 | J23: =J24 -> 434.6 | K23: =K24 -> 434.6 | L23: =K23/J23*100 -> 100
A24: Расходы на выплаты персоналу в целях обеспечения выполнения функций государственными (муниципальными) органами, казенными учреждениями, органами управления государственными внебюджетными фондами | B24: 918 | C24: 01 | D24: 04 | E24: 65 | F24: 2 | G24: 00 | H24: 41110 | I24: 100 | J24: =J25 -> 434.6 | K24: =K25 -> 434.6 | L24: =K24/J24*100 -> 100
A25: Расходы на выплаты персоналу государственных (муниципальных) органов | B25: 918 | C25: 01 | D25: 04 | E25: 65 | F25: 2 | G25: 00 | H25: 41110 | I25: 120 | J25: 434.6 | K25: 434.6 | L25: =K25/J25*100 -> 100
A26: Расходы на обеспечение функций органов местного самоуправленя | B26: 918 | C26: 01 | D26: 04 | E26: 65 | F26: 2 | G26: 00 | H26: 41120 | J26: =J27+J29 -> 166.3 | K26: =K27+K29 -> 238.1 | L26: =K26/J26*100 -> 143.17498
A27: Закупка товаров, работ и услуг для обеспечения государственных (муниципальных) нужд | B27: 918 | C27: 01 | D27: 04 | E27: 65 | F27: 2 | G27: 00 | H27: 41120 | I27: 200 | J27: =J28 -> 125 | K27: =K28 -> 182.9 | L27: =K27/J27*100 -> 146.32
A28: Иные закупки товаров, работ и услуг для обеспечения государственных (муниципальных) нужд | B28: 918 | C28: 01 | D28: 04 | E28: 65 | F28: 2 | G28: 00 | H28: 41120 | I28: 240 | J28: 125 | K28: 182.9 | L28: =K28/J28*100 -> 146.32
A29: Иные бюджетные ассигнования | B29: 918 | C29: 01 | D29: 04 | E29: 65 | F29: 2 | G29: 00 | H29: 41120 | I29: 800 | J29: =J31+J30 -> 41.3 | K29: =K31+K30 -> 55.2 | L29: =K29/J29*100 -> 133.65617
A30: Исполнение судебных актов | B30: 918 | C30: 01 | D30: 04 | E30: 65 | F30: 2 | G30: 00 | H30: 41120 | I30: 830 | J30: 0 | K30: 13.9 | L30: =K30/J30*100 -> #DIV/0!
A31: Уплата налогов, сборов и иных платежей | B31: 918 | C31: 01 | D31: 04 | E31: 65 | F31: 2 | G31: 00 | H31: 41120 | I31: 850 | J31: 41.3 | K31: 41.3 | L31: =K31/J31*100 -> 100
A32: Субсидии на софинансирование расходных обязательств по финансовому обеспечению деятельности органов местного самоуправления и муниципальных учреждений | B32: 918 | C32: 01 | D32: 04 | E32: 65 | F32: 2 | G32: 00 | H32: 44205 | J32: =J33+J35+J37 -> 336.6 | K32: =K33+K35+K37 -> 336.6 | L32: =K32/J32*100 -> 100
A33: Расходы на выплаты персоналу в целях обеспечения выполнения функций государственными (муниципальными) органами, казенными учреждениями, органами управления государственными внебюджетными фондами | B33: 918 | C33: 01 | D33: 04 | E33: 65 | F33: 2 | G33: 00 | H33: 44205 | I33: 100 | J33: =J34 -> 275.4 | K33: =K34 -> 275.4 | L33: =K33/J33*100 -> 100
A34: Расходы на выплаты персоналу государственных (муниципальных) органов | B34: 918 | C34: 01 | D34: 04 | E34: 65 | F34: 2 | G34: 00 | H34: 44205 | I34: 120 | J34: =250.6+24.8 -> 275.4 | K34: 275.4 | L34: =K34/J34*100 -> 100
A35: Закупка товаров, работ и услуг для обеспечения государственных (муниципальных) нужд | B35: 918 | C35: 01 | D35: 04 | E35: 65 | F35: 2 | G35: 00 | H35: 44205 | I35: 200 | J35: =J36 -> 47.6 | K35: =K36 -> 47.6 | L35: =K35/J35*100 -> 100
A36: Иные закупки товаров, работ и услуг для обеспечения государственных (муниципальных) нужд | B36: 918 | C36: 01 | D36: 04 | E36: 65 | F36: 2 | G36: 00 | H36: 44205 | I36: 240 | J36: =89.5-41.9 -> 47.6 | K36: 47.6 | L36: =K36/J36*100 -> 100
A37: Иные бюджетные ассигнования | B37: 918 | C37: 01 | D37: 04 | E37: 65 | F37: 2 | G37: 00 | H37: 44205 | I37: 800 | J37: =J38 -> 13.6 | K37: =K38 -> 13.6 | L37: =K37/J37*100 -> 100
A38: Уплата налогов, сборов и иных платежей | B38: 918 | C38: 01 | D38: 04 | E38: 65 | F38: 2 | G38: 00 | H38: 44205 | I38: 850 | J38: 13.6 | K38: 13.6 | L38: =K38/J38*100 -> 100
A39: Непрограммные расходы главных распорядителей средств бюджета Паевского сельского поселения Кадошкинского муниципального района Республики Мордовия | B39: 918 | C39: 01 | D39: 04 | E39: 89 | J39: =J40 -> 0.1 | K39: =K40 -> 0.1 | L39: =K39/J39*100 -> 100
A40: Непрограммные расходы в рамках обеспечения деятельности главных распорядителей средств бюджета Паевского сельского поселения Кадошкинского муниципального района Республики Мордовия | B40: 918 | C40: 01 | D40: 04 | E40: 89 | F40: 1 | J40: =J41 -> 0.1 | K40: =K41 -> 0.1 | L40: =K40/J40*100 -> 100
A41: Осуществление государственных полномочий Республики Мордовия по определению перечня должностных лиц, уполномоченных составлять протоколы об административных правонарушениях, предусмотренных Законом Республики Мордовия от 15 июня 2015 года № 38-З "Об административной ответственности на территории Республики Мордовия" | B41: 918 | C41: 01 | D41: 04 | E41: 89 | F41: 1 | G41: 00 | H41: 77150 | J41: =J42 -> 0.1 | K41: =K42 -> 0.1 | L41: =K41/J41*100 -> 100
A42: Закупка товаров, работ и услуг для обеспечения государственных (муниципальных) нужд | B42: 918 | C42: 01 | D42: 04 | E42: 89 | F42: 1 | G42: 00 | H42: 77150 | I42: 200 | J42: =J43 -> 0.1 | K42: =K43 -> 0.1 | L42: =K42/J42*100 -> 100
A43: Иные закупки товаров, работ и услуг для обеспечения государственных (муниципальных) нужд | B43: 918 | C43: 01 | D43: 04 | E43: 89 | F43: 1 | G43: 00 | H43: 77150 | I43: 240 | J43: 0.1 | K43: 0.1 | L43: =K43/J43*100 -> 100
A44: Резервные фонды | B44: 918 | C44: 01 | D44: 11 | J44: =J45 -> 1 | K44: =K45 -> 0 | L44: =K44/J44*100 -> 0
A45: Непрограммные расходы главных распорядителей средств бюджета Паевского сельского поселения Кадошкинского муниципального района Республики Мордовия | B45: 918 | C45: 01 | D45: 11 | E45: 89 | J45: =J46 -> 1 | K45: =K46 -> 0 | L45: =K45/J45*100 -> 0
A46: Непрограммные расходы в рамках обеспечения деятельности главных распорядителей средств бюджета Паевского сельского поселения Кадошкинского муниципального района Республики Мордовия | B46: 918 | C46: 01 | D46: 11 | E46: 89 | F46: 1 | J46: =J47 -> 1 | K46: =K47 -> 0 | L46: =K46/J46*100 -> 0
A47: Резервный фонд администрации Паевского сельского поселения Кадошкинского муниципального района Республики Мордовия | B47: 918 | C47: 01 | D47: 11 | E47: 89 | F47: 1 | G47: 00 | H47: 41180 | J47: =J48 -> 1 | K47: =K48 -> 0 | L47: =K47/J47*100 -> 0
A48: Иные бюджетные ассигнования | B48: 918 | C48: 01 | D48: 11 | E48: 89 | F48: 1 | G48: 00 | H48: 41180 | I48: 800 | J48: =J49 -> 1 | K48: =K49 -> 0 | L48: =K48/J48*100 -> 0
A49: Резервные средства | B49: 918 | C49: 01 | D49: 11 | E49: 89 | F49: 1 | G49: 00 | H49: 41180 | I49: 870 | J49: 1 | K49: 0 | L49: =K49/J49*100 -> 0
A50: Национальная оборона | B50: 918 | C50: 02 | J50: =J51 -> 86.8 | K50: =K51 -> 86.8 | L50: =K50/J50*100 -> 100
A51: Мобилизационная и вневойсковая подготовка | B51: 918 | C51: 02 | D51: 03 | J51: =J54 -> 86.8 | K51: =K54 -> 86.8 | L51: =K51/J51*100 -> 100
A52: Непрограммные расходы главных распорядителей средств бюджета Паевского сельского поселения Кадошкинского муниципального района Республики Мордовия | B52: 918 | C52: 02 | D52: 03 | E52: 89 | J52: =J53 -> 86.8 | K52: =K53 -> 86.8 | L52: =K52/J52*100 -> 100
A53: Непрограммные расходы в рамках обеспечения деятельности главных распорядителей средств бюджета Паевского сельского поселения Кадошкинского муниципального района Республики Мордовия | B53: 918 | C53: 02 | D53: 03 | E53: 89 | F53: 1 | J53: =J54 -> 86.8 | K53: =K54 -> 86.8 | L53: =K53/J53*100 -> 100
A54: Осуществление государственных полномочий Российской Федерации о первичному воинскому учету на территориях, где отсутствуют военные комиссариаты | B54: 918 | C54: 02 | D54: 03 | E54: 89 | F54: 1 | G54: 00 | H54: 51180 | J54: =J55+J57 -> 86.8 | K54: =K55+K57 -> 86.8 | L54: =K54/J54*100 -> 100
A55: Расходы на выплаты персоналу в целях обеспечения выполнения функций государственными (муниципальными) органами, казенными учреждениями, органами управления государственными внебюджетными фондами | B55: 918 | C55: 02 | D55: 03 | E55: 89 | F55: 1 | G55: 00 | H55: 51180 | I55: 100 | J55: =J56 -> 85.4 | K55: =K56 -> 85.4 | L55: =K55/J55*100 -> 100
A56: Расходы на выплаты персоналу государственных (муниципальных) органов | B56: 918 | C56: 02 | D56: 03 | E56: 89 | F56: 1 | G56: 00 | H56: 51180 | I56: 120 | J56: =82.9+2.5 -> 85.4 | K56: 85.4 | L56: =K56/J56*100 -> 100
A57: Закупка товаров, работ и услуг для обеспечения государственных (муниципальных) нужд | B57: 918 | C57: 02 | D57: 03 | E57: 89 | F57: 1 | G57: 00 | H57: 51180 | I57: 200 | J57: =J58 -> 1.4 | K57: =K58 -> 1.4 | L57: =K57/J57*100 -> 100
A58: Иные закупки товаров, работ и услуг для обеспечения государственных (муниципальных) нужд | B58: 918 | C58: 02 | D58: 03 | E58: 89 | F58: 1 | G58: 00 | H58: 51180 | I58: 240 | J58: 1.4 | K58: 1.4 | L58: =K58/J58*100 -> 100
A59: Национальная экономика | B59: 918 | C59: 04 | J59: =J60 -> 371.1 | K59: =K60 -> 236.9 | L59: =K59/J59*100 -> 63.837241
A60: Дорожное хозяйство (дорожные фонды) | B60: 918 | C60: 04 | D60: 09 | J60: =J61 -> 371.1 | K60: =K61 -> 236.9 | L60: =K60/J60*100 -> 63.837241
A61: Непрограммные расходы главных распорядителей средств бюджета Паевского сельского поселения Кадошкинского муниципального района Республики Мордовия | B61: 918 | C61: 04 | D61: 09 | E61: 89 | J61: =J63 -> 371.1 | K61: =K63 -> 236.9 | L61: =K61/J61*100 -> 63.837241
A62: Непрограммные расходы в рамках обеспечения деятельности главных распорядителей средств бюджета Паевского сельского поселения Кадошкинского муниципального района Республики Мордовия | B62: 918 | C62: 04 | D62: 09 | E62: 89 | F62: 1 | J62: =J63 -> 371.1 | K62: =K63 -> 236.9 | L62: =K62/J62*100 -> 63.837241
A63: Иные межбюджетные трансферты на осуществление полномочий по дорожной деятельности в отношении автомобильных дорог местного значения в границах населенных пунктов поселения и обеспечению безопасности дорожного движения на них, включая создание и обеспечение функционирования парковок (парковочных мест), осуществлению муниципального контроля за сохранностью автомобильных дорог местного значения в границах населенных пунктов поселения, организации дорожного движения, а также осуществлению иных полномочий в области использования автомобильных дорог и осуществления дорожной деятельности в соответствии с законодательством Российской Федерации | B63: 918 | C63: 04 | D63: 09 | E63: 89 | F63: 1 | G63: 00 | H63: 44102 | J63: =J64 -> 371.1 | K63: =K64 -> 236.9 | L63: =K63/J63*100 -> 63.837241
A64: Закупка товаров, работ и услуг для обеспечения государственных (муниципальных) нужд | B64: 918 | C64: 04 | D64: 09 | E64: 89 | F64: 1 | G64: 00 | H64: 44102 | I64: 200 | J64: =J65 -> 371.1 | K64: =K65 -> 236.9 | L64: =K64/J64*100 -> 63.837241
A65: Иные закупки товаров, работ и услуг для обеспечения государственных (муниципальных) нужд | B65: 918 | C65: 04 | D65: 09 | E65: 89 | F65: 1 | G65: 00 | H65: 44102 | I65: 240 | J65: 371.1 | K65: 236.9 | L65: =K65/J65*100 -> 63.837241
A66: Жилищно-коммунальное хозяйство | B66: 918 | C66: 05 | J66: =J67+J73 -> 109.91 | K66: =K67+K73 -> 98.5 | L66: =K66/J66*100 -> 89.618779
A67: Коммунальное хозяйство | B67: 918 | C67: 05 | D67: 02 | J67: =J68 -> 32.71 | K67: =K68 -> 32.7 | L67: =K67/J67*100 -> 99.969428
A68: Непрограммные расходы главных распорядителей средств бюджета Паевского сельского поселения Кадошкинского муниципального района Республики Мордовия | B68: 918 | C68: 05 | D68: 02 | E68: 89 | J68: =J69 -> 32.71 | K68: =K69 -> 32.7 | L68: =K68/J68*100 -> 99.969428
A69: Непрограммные расходы в рамках обеспечения деятельности главных распорядителей средств бюджета Паевского сельского поселения Кадошкинского муниципального района Республики Мордовия | B69: 918 | C69: 05 | D69: 02 | E69: 89 | F69: 1 | J69: =J70 -> 32.71 | K69: =K70 -> 32.7 | L69: =K69/J69*100 -> 99.969428
A70: Иные межбюджетные трансферты на осуществление полномочий по организации в границах поселения электро-, тепло-, газо- и водоснабжения населения, водоотведения, снабжения населения топливом в пределах полномочий, установленных законодательством Российской Федерации | B70: 918 | C70: 05 | D70: 02 | E70: 89 | F70: 1 | G70: 00 | H70: 44101 | J70: =J71 -> 32.71 | K70: =K71 -> 32.7 | L70: =K70/J70*100 -> 99.969428
A71: Закупка товаров, работ и услуг для обеспечения государственных (муниципальных) нужд | B71: 918 | C71: 05 | D71: 02 | E71: 89 | F71: 1 | G71: 00 | H71: 44101 | I71: 200 | J71: =J72 -> 32.71 | K71: =K72 -> 32.7 | L71: =K71/J71*100 -> 99.969428
A72: Иные закупки товаров, работ и услуг для обеспечения государственных (муниципальных) нужд | B72: 918 | C72: 05 | D72: 02 | E72: 89 | F72: 1 | G72: 00 | H72: 44101 | I72: 240 | J72: =0.4+25+7.31 -> 32.71 | K72: 32.7 | L72: =K72/J72*100 -> 99.969428
A73: Благоустройство | B73: 918 | C73: 05 | D73: 03 | J73: =J74 -> 77.2 | K73: =K74 -> 65.8 | L73: =K73/J73*100 -> 85.233161
A74: Непрограммные расходы главных распорядителей средств бюджета Паевского сельского поселения Кадошкинского муниципального района Республики Мордовия | B74: 918 | C74: 05 | D74: 03 | E74: 89 | J74: =J75 -> 77.2 | K74: =K75 -> 65.8 | L74: =K74/J74*100 -> 85.233161
A75: Непрограммные расходы в рамках обеспечения деятельности главных распорядителей средств бюджета Паевского сельского поселения Кадошкинского муниципального района Республики Мордовия | B75: 918 | C75: 05 | D75: 03 | E75: 89 | F75: 1 | J75: =J76+J79 -> 77.2 | K75: =K76+K79 -> 65.8 | L75: =K75/J75*100 -> 85.233161
A76: Уличное освещение | B76: 918 | C76: 05 | D76: 03 | E76: 89 | F76: 1 | G76: 00 | H76: 43010 | J76: =J77 -> 77.2 | K76: =K77 -> 65.8 | L76: =K76/J76*100 -> 85.233161
A77: Закупка товаров, работ и услуг для обеспечения государственных (муниципальных) нужд | B77: 918 | C77: 05 | D77: 03 | E77: 89 | F77: 1 | G77: 00 | H77: 43010 | I77: 200 | J77: =J78 -> 77.2 | K77: =K78 -> 65.8 | L77: =K77/J77*100 -> 85.233161
A78: Иные закупки товаров, работ и услуг для обеспечения государственных (муниципальных) нужд | B78: 918 | C78: 05 | D78: 03 | E78: 89 | F78: 1 | G78: 00 | H78: 43010 | I78: 240 | J78: 77.2 | K78: 65.8 | L78: =K78/J78*100 -> 85.233161
A79: Прочие мероприятия по благоустройству | B79: 918 | C79: 05 | D79: 03 | E79: 89 | F79: 1 | G79: 00 | H79: 43040 | J79: =J80 -> 0 | K79: =K80 -> 0
A80: Закупка товаров, работ и услуг для обеспечения государственных (муниципальных) нужд | B80: 918 | C80: 05 | D80: 03 | E80: 89 | F80: 1 | G80: 00 | H80: 43040 | I80: 200 | J80: =J81 -> 0 | K80: =K81 -> 0
A81: Иные закупки товаров, работ и услуг для обеспечения государственных (муниципальных) нужд | B81: 918 | C81: 05 | D81: 03 | E81: 89 | F81: 1 | G81: 00 | H81: 43040 | I81: 240 | J81: 0 | K81: 0
A82: Социальная политика | B82: 918 | C82: 10 | J82: =J83 -> 69 | K82: =K83 -> 69 | L82: =K82/J82*100 -> 100
A83: Пенсионное обеспечение | B83: 918 | C83: 10 | D83: 01 | J83: =J84 -> 69 | K83: =K84 -> 69 | L83: =K83/J83*100 -> 100
A84: Непрограммные расходы главных распорядителей средств бюджета Паевского сельского поселения Кадошкинского муниципального района Республики Мордовия | B84: 918 | C84: 10 | D84: 01 | E84: 89 | J84: =J85 -> 69 | K84: =K85 -> 69 | L84: =K84/J84*100 -> 100
A85: Непрограммные расходы в рамках обеспечения деятельности главных распорядителей средств бюджета Паевского сельского поселения Кадошкинского муниципального района Республики Мордовия | B85: 918 | C85: 10 | D85: 01 | E85: 89 | F85: 1 | J85: =J86 -> 69 | K85: =K86 -> 69 | L85: =K85/J85*100 -> 100
A86: Доплаты к пенсиям муниципальных служащих Республики Мордовия | B86: 918 | C86: 10 | D86: 01 | E86: 89 | F86: 1 | G86: 00 | H86: 03010 | J86: =J87 -> 69 | K86: =K87 -> 69 | L86: =K86/J86*100 -> 100
A87: Социальное обеспечение и иные выплаты населению | B87: 918 | C87: 10 | D87: 01 | E87: 89 | F87: 1 | G87: 00 | H87: 03010 | I87: 300 | J87: =J88 -> 69 | K87: =K88 -> 69 | L87: =K87/J87*100 -> 100
A88: Публичные нормативные социальные выплаты гражданам | B88: 918 | C88: 10 | D88: 01 | E88: 89 | F88: 1 | G88: 00 | H88: 03010 | I88: 310 | J88: 69 | K88: 69 | L88: =K88/J88*100 -> 100
A89: Обслуживание государственного и муниципального долга | B89: 918 | C89: 13 | J89: =J90 -> 1.7 | K89: =K90 -> 0 | L89: =K89/J89*100 -> 0
A90: Обслуживание государственного внутреннего и муниципального долга | B90: 918 | C90: 13 | D90: 01 | J90: =J91 -> 1.7 | K90: =K91 -> 0 | L90: =K90/J90*100 -> 0
A91: Непрограммные расходы главных распорядителей средств бюджета Паевского сельского поселения Кадошкинского муниципального района Республики Мордовия | B91: 918 | C91: 13 | D91: 01 | E91: 89 | J91: =J92 -> 1.7 | K91: =K92 -> 0 | L91: =K91/J91*100 -> 0
A92: Непрограммные расходы в рамках обеспечения деятельности главных распорядителей средств бюджета Паевского сельского поселения Кадошкинского муниципального района Республики Мордовия | B92: 918 | C92: 13 | D92: 01 | E92: 89 | F92: 1 | J92: =J93 -> 1.7 | K92: =K93 -> 0 | L92: =K92/J92*100 -> 0
A93: Процентные платежи по муниципальному долгу | B93: 918 | C93: 13 | D93: 01 | E93: 89 | F93: 1 | G93: 00 | H93: 41240 | J93: =J94 -> 1.7 | K93: =K94 -> 0 | L93: =K93/J93*100 -> 0
A94: Обслуживание государственного (муниципального) долга | B94: 918 | C94: 13 | D94: 01 | E94: 89 | F94: 1 | G94: 00 | H94: 41240 | I94: 700 | J94: =J95 -> 1.7 | K94: =K95 -> 0 | L94: =K94/J94*100 -> 0
A95: Обслуживание муниципального долга | B95: 918 | C95: 13 | D95: 01 | E95: 89 | F95: 1 | G95: 00 | H95: 41240 | I95: 730 | J95: 1.7 | K95: 0 | L95: =K95/J95*100 -> 0

Sheet Прил 4
D1: Приложение 4
C2: к решению сессии Совета депутатов Паевского сельского поселения "Об исполнении бюджета Паевского сельского поселения Кадошкинского муниципального района Республики Мордовия за 2021 год"
A3: ИСТОЧНИКИ ВНУТРЕННЕГО ФИНАНСИРОВАНИЯ ДЕФИЦИТА БЮДЖЕТА ПАЕВСКОГО СЕЛЬСКОГО ПОСЕЛЕНИЯ КАДОШКИНСКОГО МУНИЦИПАЛЬНОГО РАЙОНА РЕСПУБЛИКИ МОРДОВИЯ НА 2021 ГОД
D4: (тыс. рублей)
A5: Код | B5: НАИМЕНОВАНИЕ | C5: План 2021 год | D5: Исполнение 2021 год
A6: 1 | B6: 2 | C6: 3 | D6: 4
A7: 000 01 00 00 00 00 0000 000 | B7: ИСТОЧНИКИ ВНУТРЕННЕГО ФИНАНСИРОВАНИЯ ДЕФИЦИТОВ БЮДЖЕТОВ | C7: =C8+C11+C15 -> 55.6 | D7: =D8+D11+D15 -> 0.7
A8: 000 01 02 00 00 00 0000 000 | B8: Кредиты кредитных организаций в валюте Российской Федерации | C8: =SUM(C9) -> 0 | D8: =SUM(D9) -> 0
A9: 000 01 02 00 00 00 0000 700 | B9: Получение кредитов от кредитных организаций в валюте Российской Федерации | C9: =SUM(C10) -> 0 | D9: =SUM(D10) -> 0
A10: 000 01 02 00 00 10 0000 710 | B10: Получение кредитов от кредитных организаций бюджетами сельских поселений в валюте Российской Федерации | C10: 0 | D10: 0
A11: 000 01 03 00 00 00 0000 000 | B11: Бюджетные кредиты из других бюджетов бюджетной системы Российской Федерации | C11: =C12 -> -23.4 | D11: =D12 -> 0
A12: 000 01 03 01 00 00 0000 800 | B12: Погашение бюджетных кредитов, полученных из других бюджетов бюджетной системы Российской Федерации в валюте Российской Федерации | C12: =C13 -> -23.4 | D12: =D13 -> 0
A13: 000 01 03 01 00 10 0000 800 | B13: Погашение бюджетных кредитов, полученных из других бюджетов бюджетной системы Российской Федерации в валюте Российской Федерации | C13: =SUM(C14) -> -23.4 | D13: =SUM(D14) -> 0
A14: 000 01 03 01 00 10 0000 810 | B14: Погашение бюджетами сельских поселений кредитов из других бюджетов бюджетной системы Российской Федерации в валюте Российской Федерации | C14: -23.4 | D14: 0
A15: 000 01 05 00 00 00 0000 000 | B15: Изменение остатков средств на счетах по учету средств бюджетов | C15: =C18+C19 -> 79 | D15: =D18+D19 -> 0.7
A16: 000 01 05 02 00 00 0000 500 | B16: Увеличение прочих остатков средств бюджетов | C16: =SUM(C17) -> -1889.11 | D16: =SUM(D17) -> -1887.5
A17: 000 01 05 02 01 00 0000 510 | B17: Увеличение прочих остатков денежных средств бюджетов | C17: =SUM(C18) -> -1889.11 | D17: =SUM(D18) -> -1887.5
A18: 000 01 05 02 01 10 0000 510 | B18: Увеличение прочих остатков денежных средств бюджетов сельских поселений | C18: =-('Прил 1'!C8+C10) -> -1889.11 | D18: -1887.5
A19: 000 01 05 02 00 00 0000 600 | B19: Уменьшение прочих остатков средств бюджетов | C19: =SUM(C20) -> 1968.11 | D19: =SUM(D20) -> 1888.2
A20: 000 01 05 02 01 00 0000 610 | B20: Уменьшение прочих остатков денежных средств бюджетов | C20: =SUM(C21) -> 1968.11 | D20: =SUM(D21) -> 1888.2
A21: 000 01 05 02 01 10 0000 610 | B21: Уменьшение прочих остатков денежных средств бюджетов сельских поселений | C21: ='Прил 2 '!I7-C14 -> 1968.11 | D21: 1888.2
